 Dungeon Crawl Stone Soup version 0.31-a0-185-g9dded2c639 (webtiles) character file.

Game seed: 16603482764544585934

153 qw the Skirmisher (level 5, -5/29 HPs)
             Began as a Deep Elf Hunter on June 22, 2023.
             Slain by a gnoll
             ... wielding a +0 flail
              (8 damage)
             ... on level 3 of the Dungeon.
             The game lasted 00:00:48 (1483 turns).

qw the Skirmisher (Deep Elf Hunter)                 Turns: 1483, Time: 00:00:49

Health: -5/29      AC:  6    Str: 10    XL:     5   Next: 12%
Magic:  7/7        EV:  9    Int: 14    God:
Gold:   115        SH:  0    Dex: 18    Spells: 4/4 levels left

rFire   . . .        Y - +0 shortbow
rCold   . . .        (shield currently unavailable)
rNeg    . . .        l - +0 scale mail
rPois   .            (no helmet)
rElec   .            (no cloak)
rCorr   .            (no gloves)
SInv    .            (no boots)
Will    .....        i - amulet of the acrobat
Stlth   +            (no ring)
HPRegen 0.24/turn    (no ring)
MPRegen 0.10/turn

%: acrobat
@: no status effects
A: no striking features
a: no special abilities


You were on level 3 of the Dungeon.
You visited 1 branch of the dungeon, and saw 3 of its levels.

You collected 115 gold pieces.


   Skills:
 - Level 1.5 Fighting
 + Level 8.5 Ranged Weapons
 - Level 2.4 Dodging
 - Level 1.2 Stealth


You had 4 spell levels left.
You didn't know any spells.
Your spell library was empty.

Inventory:

Hand Weapons
 Y - a +0 shortbow (weapon)
Armour
 l - a +0 scale mail (worn)
Jewellery
 i - an amulet of the acrobat (around neck)
Scrolls
 a - a scroll of identify
Potions
 d - a potion of curing
 g - a potion of enlightenment
 h - a potion of haste
 j - a potion of degeneration {unknown}
 k - a potion of brilliance {unknown}

Dungeon Overview and Level Annotations

Branches:
Dungeon (3/15)

Altars:


Message History

A gnoll comes into view. It is wielding a +0 halberd.
The gnoll shouts!
You hear a shout!
A gnoll comes into view. It is wielding a +0 halberd.
You shoot an arrow. The gnoll shouts!
The arrow hits the gnoll.
The gnoll is moderately wounded.
You hear a shout!
A gnoll comes into view. It is wielding a +0 flail.
You shoot an arrow. The arrow barely misses the gnoll.
The arrow closely misses the gnoll.
You shoot an arrow. The arrow hits the gnoll!
The gnoll is almost dead.
You shoot an arrow.
The arrow hits the gnoll but does no damage.
The gnoll is almost dead.
A gnoll comes into view. It is wielding a +0 halberd.
You shoot an arrow. The arrow hits the gnoll!
The gnoll is severely wounded.
You shoot an arrow. The arrow hits the gnoll.
The gnoll is severely wounded.
The gnoll hits you from afar with a +0 halberd!
You shoot an arrow. The arrow hits the gnoll!
You kill the gnoll!
You have reached level 5!
You shoot an arrow. The arrow closely misses the gnoll. x2
The arrow hits the gnoll.
The gnoll is lightly wounded.
The gnoll hits you from afar with a +0 halberd. x2
You shoot an arrow. The arrow completely misses the gnoll.
The arrow hits the gnoll.
The gnoll is lightly wounded.
The gnoll hits you from afar with a +0 halberd!
You shoot an arrow. The arrow hits the gnoll.
You kill the gnoll!
You shoot an arrow.
The arrow hits the gnoll but does no damage.
The gnoll is lightly wounded.
The gnoll hits you with a +0 flail!
You die...

..# ... #.# #.#
#g# #)#####.#
#.#####g<......
#...<.<@#
#.#######


You could see 2 gnolls.

Vanquished Creatures
  Jessica (D:2)
  2 gnolls (D:3)
  5 adders (D:2)
  A worm (D:2)
  A dart slug (D:1)
  6 ball pythons
  9 endoplasms
  2 giant cockroaches (D:2)
  7 goblins
  4 hobgoblins
  5 kobolds
  2 quokkas (D:1)
  6 bats
  4 frilled lizards
  5 rats
60 creatures vanquished.

Notes
Turn   | Place    | Note
-------+----------+-------------------------------------------
     0 | D:1      | qw the Deep Elf Hunter began the quest for the Orb.
     0 | D:1      | Reached XP level 1. HP: 12/12 MP: 3/3
     0 | D:1      | 0 ||| qw: Version: 0.3-a-9-g12657ce
     0 | D:1      | 0 ||| qw: Game counter: 1663
     0 | D:1      | 0 ||| qw: Always use a shield: true
     0 | D:1      | 0 ||| qw: God list: Okawaru
     0 | D:1      | 0 ||| qw: Allow faded altars: false
     0 | D:1      | 0 ||| qw: Do Orc after D:15 true
     0 | D:1      | 0 ||| qw: Do second Lair branch before Depths: true
     0 | D:1      | 0 ||| qw: Lair rune preference: random
     0 | D:1      | 0 ||| qw: Plans: Normal
     0 | D:1      | 0 ||| PLANNING D:1-11
    88 | D:1      | Reached skill level 6 in Ranged Weapons
    88 | D:1      | Reached XP level 2. HP: 12/16 MP: 4/4
    88 | D:1      | 88 ||| FLEEEEING.
    89 | D:1      | 89 ||| FLEEEEING.
    90 | D:1      | 90 ||| FLEEEEING.
    91 | D:1      | 91 ||| FLEEEEING.
    92 | D:1      | 92 ||| FLEEEEING.
    93 | D:1      | 93 ||| FLEEEEING.
    94 | D:1      | 94 ||| FLEEEEING.
    95 | D:1      | 95 ||| FLEEEEING.
    96 | D:1      | 96 ||| FLEEEEING.
   229 | D:1      | Reached XP level 3. HP: 20/20 MP: 5/5
   567 | D:1      | 567 ||| READING 3 scrolls labelled FAPRITE QEGET.
   568 | D:1      | 568 ||| DRINKING 2 viscous amethyst potions.
   569 | D:1      | 569 ||| READING 2 scrolls of identify.
   569 | D:1      | 569 ||| IDENTIFYING grey potion
   570 | D:1      | 570 ||| DROPPING scroll of butterflies.
   714 | D:2      | Reached skill level 7 in Ranged Weapons
   795 | D:2      | Noticed Jessica
   799 | D:2      | HP: 5/20 [Jessica/+2 club (8)]
   800 | D:2      | Killed Jessica
   801 | D:2      | Reached XP level 4. HP: 7/25 MP: 6/6
  1047 | D:2      | Reached skill level 8 in Ranged Weapons
  1357 | D:2      | 1357 ||| UPGRADING to +0 scale mail.
  1367 | D:2      | 1367 ||| DROPPING +0 leather armour.
  1368 | D:2      | 1368 ||| UPGRADING to amulet of the acrobat.
  1373 | D:2      | 1373 ||| READING scroll labelled JOEGA RAUC.
  1374 | D:2      | 1374 ||| READING scroll labelled VYIHEQEOSU.
  1375 | D:2      | 1375 ||| DRINKING 3 smoky silvery potions.
  1376 | D:2      | 1376 ||| READING 2 scrolls of identify.
  1376 | D:2      | 1376 ||| IDENTIFYING fuming silvery potion
  1377 | D:2      | 1377 ||| DROPPING 2 potions of magic.
  1379 | D:2      | 1379 ||| Stepping ~*~*~tactically~*~*~ (cloud).
  1480 | D:3      | Reached XP level 5. HP: 15/29 MP: 7/7
  1481 | D:3      | HP: 2/29 [gnoll/+0 halberd (8)]
  1483 | D:3      | Slain by a gnoll

Levels and vault maps discovered:
D:1:      roderic_crop_circles_arrival_small, layout_basic, serial_glass,
          glass_columns_b, glass_columns_b, feat_on_display, item_on_display_a,
          minmay_tetromino_i2
D:2:      layout_loops_cross, minmay_indecisive_spiral, uniq_jessica
D:3:      layout_loops_ring, mainiacjoe_overflow_big_doors, serial_glass,
          glass_columns_a, glass_columns_b, glass_columns_a, glass_columns_c,
          uniq_ijyb

Skill      XL: |  1  2  3  4 |
---------------+-------------+-----
Ranged Weapons | 6 7 8 |  8.5
Fighting       | |  1.5
Dodging        | |  2.4
Stealth        | |  1.2

Action                     |  1- 3 |  4- 6 || total
---------------------------+-------+-------++-------
   Fire: Shortbow          |   104 |    72 ||   176
    Use: Scroll            |     2 |     3 ||     5
         Potion            |     1 |     1 ||     2
 Armour: Leather armour    |     5 |     8 ||    13
  Dodge: Dodged            |     7 |    31 ||    38

Table legend:
 A = Non-vault XP
 B = Vault XP
 C = Vault XP percentage of total XP
 D = Non-vault monster count
 E = Vault monster count
 F = Vault count percentage of total count
                 A         B        C        D         E       F
            +---------+---------+-------+---------+---------+-------
      Total |     159 |      60 |  27.4 |      54 |       6 |  10.0
            +---------+---------+-------+---------+---------+-------
        D:1 |      52 |       2 |   3.7 |      30 |       1 |   3.2
        D:2 |      78 |      58 |  42.6 |      22 |       5 |  18.5
        D:3 |      29 |       0 |   0.0 |       2 |       0 |   0.0
            +---------+---------+-------+---------+---------+-------
